 Seeded DCSS version 0.27-a0-1196-g3e9cee4cb2 (webtiles) character file.

Game seed: 17068203345152047711 (custom seed)

238 karrick the Sneak (level 5, -1/37 HPs)
             Began as a Vampire Enchanter on May 30, 2021.
             Slain by an ogre
             ... wielding a +0 giant club
              (22 damage)
             ... on level 4 of the Dungeon.
             The game lasted 00:09:48 (3575 turns).

karrick the Sneak (Vampire Enchanter)               Turns: 3575, Time: 00:09:48

Health: -1/37      AC:  4    Str:  8    XL:     5   Next: 78%
Magic:  6/8        EV: 13    Int: 24    God:
Gold:   87         SH:  0    Dex: 14    Spells: 1/8 levels left

rFire    . . .     SeeInvis +   a - +1 dagger
rCold    + . .     Faith    .   (no shield)
rNeg     . . .     Spirit   .   b - +0 robe
rPois    .         Reflect  .   m - +1 helmet
rElec    .         Harm     .   (no cloak)
rCorr    .         Rampage  .   (no gloves)
Will     .....                  (no boots)
Stlth    +++.......             (no amulet)
HPRegen  0.32/turn              j - +6 ring of intelligence
MPRegen  0.11/turn              o - ring of protection from cold

@: healing quickly
A: alive, fangs 3, see invisible, vampiric 2
a: Exsanguinate


You were on level 4 of the Dungeon.
You visited 1 branch of the dungeon, and saw 4 of its levels.

You collected 87 gold pieces.

Inventory:

Hand Weapons
 a - a +1 dagger (weapon)
Missiles
 q - a throwing net
Armour
 b - a +0 robe (worn)
 d - a +2 scale mail of fire resistance
 m - a +1 helmet (worn)
Jewellery
 j - a +6 ring of intelligence (left hand)
 n - a ring of see invisible
 o - a ring of protection from cold (right hand)
Scrolls
 e - 4 scrolls of identify {unknown}
 f - 2 scrolls of fear {unknown}
 k - a scroll of enchant weapon {unknown}
 p - a scroll of enchant armour {unknown}
Potions
 c - a potion of brilliance {unknown}
 g - a potion of heal wounds {unknown}
 h - a potion of cancellation {unknown}
 i - a potion of flight {unknown}
 l - 2 potions of curing {unknown}
 r - a potion of mutation {unknown}


   Skills:
 + Level 1.0 Fighting
 + Level 2.7 Short Blades
 + Level 3.1 Dodging
 * Level 7.0 Stealth
 + Level 2.4 Spellcasting
 * Level 5.6 Hexes


You had one spell level left.
You knew the following spells:

 Your Spells              Type           Power      Damage    Failure   Level
a - Corona                Hex            33%        N/A       1%          1
b - Confusing Touch       Hex            30%        N/A       3%          3
c - Tukima's Dance        Hex            30%        N/A       3%          3

Your spell library contained the following spells:

 Spells                   Type           Power      Damage    Failure   Level
 Animate Skeleton         Necr           4%         N/A       12%         1
 Apportation              Tloc           4%         N/A       12%         1
 Summon Small Mammal      Summ           8%         N/A       12%         1
 Ensorcelled Hibernation  Hex/Ice        32%        N/A       5%          2
 Dazzling Flash           Conj/Hex       32%        N/A       11%         3


Dungeon Overview and Level Annotations

Branches:
Dungeon (4/15)
 Temple: D:4-7

Altars:
Fedhas
Gozag
Zin

Shops:
D:2 ([=   D:4 *


Innate Abilities, Weirdness & Mutations

Your natural rate of healing is accelerated.
You have razor-sharp teeth.
You have supernaturally acute eyesight. (SInv)
You are afflicted with vampirism and can become a bat while bloodless.


Message History

The ogre is outlined in light.
Casting: Corona (safe; 1% risk of failure)
Confirm with . or Enter, or press ? or * to list all spells.
Your hands begin to glow red.
You hit the ogre but do no damage. The ogre hits you with a +0 giant club!
You hit the ogre but do no damage.
The ogre appears confused.
You hit the ogre.
The ogre is lightly wounded.
The ogre completely misses you.
You hit the ogre.
The ogre is lightly wounded.
The ogre stops glowing.
You barely miss the ogre.
The ogre is lightly wounded.
The ogre misses you.
You hit the ogre.
The ogre is lightly wounded.
You hit the ogre but do no damage.
The ogre is lightly wounded.
You hit the ogre but do no damage.
The ogre is lightly wounded.
The ogre shouts, "What's happening?!"
The ogre barely misses you.
You completely miss the ogre.
The ogre is lightly wounded.
You hit the ogre but do no damage. You bite the ogre.
The ogre is moderately wounded.
You hit the ogre.
The ogre is moderately wounded.
You barely miss the ogre. You bite the ogre.
The ogre is moderately wounded.
The ogre asks, "Where am I?"
You hit the ogre.
The ogre is heavily wounded.
The ogre seems less confused.
The ogre hits you with a +0 giant club!
You hit the ogre but do no damage.
The ogre is heavily wounded.
The ogre hits you with a +0 giant club!!
Ouch! That really hurt!
You die...

......#...........
..)...#.........
..<(..# .......
......####...######
###..[...#...##..$##
..#......#.........#
..#......#.........#
..#......'.........#
..#...(..#...#..@O##
..#....#'#####....#
.......#∩# #....#
.######### #....'.
..# #....#.. ..#
##...#.... ..# #...#
... ..# #...# ...
..#


You could see an ogre.

Vanquished Creatures
  A phantom (D:3)
  Jessica (D:2)
  2 adders
  3 gnolls (D:4)
  2 worms
  3 dart slugs
  2 orcs (D:3)
  10 endoplasms
  2 giant cockroaches
  3 goblins
  6 hobgoblins
  9 jackals
  6 kobolds
  2 quokkas
  7 ball pythons
  7 bats
  3 frilled lizards
  2 rats
71 creatures vanquished.

Notes
Turn   | Place    | Note
-------+----------+-------------------------------------------
     0 | D:1      | karrick the Vampire Enchanter began the quest for the Orb.
     0 | D:1      | Reached XP level 1. HP: 13/13 MP: 3/3
   124 | D:1      | Found a faded altar of an unknown god.
   240 | D:1      | Reached skill level 5 in Stealth
   246 | D:1      | Reached XP level 2. HP: 14/19 MP: 5/5
   753 | D:2      | Found Imiopiyr's Weapon Shoppe.
   775 | D:2      | Gained mutation: You are afflicted with vampirism and can
                  | become a bat while bloodless. [Vampire growth]
   775 | D:2      | Reached XP level 3. HP: 10/24 MP: 4/6
   858 | D:1      | Learned a level 3 spell: Confusing Touch
  1149 | D:2      | Reached skill level 5 in Hexes
  1252 | D:2      | Noticed Jessica
  1380 | D:3      | Noticed a black bear
  1424 | D:3      | Reached skill level 6 in Stealth
  1814 | D:2      | Found Manliall's Antique Armour Boutique.
  1837 | D:2      | Reached XP level 4. HP: 23/30 MP: 7/7
  1856 | D:2      | Killed Jessica
  1909 | D:2      | Found Nudok's Jewellery Boutique.
  2476 | D:3      | Noticed a phantom
  2622 | D:4      | Reached XP level 5. HP: 12/36 MP: 3/8
  2773 | D:3      | Killed a phantom
  2774 | D:3      | Reached skill level 1 in Fighting
  2774 | D:3      | Reached skill level 7 in Stealth
  2894 | D:3      | Learned a level 3 spell: Tukima's Dance
  2928 | D:3      | Found a blossoming altar of Fedhas.
  3069 | D:3      | Found an opulent altar of Gozag.
  3380 | D:4      | Found Xonuf's General Store.
  3388 | D:4      | Noticed an ogre
  3575 | D:4      | Slain by an ogre

Illustrated notes

Levels and vault maps discovered:
D:1:      dpeg_arrival_concentric_ovals, layout_rooms,
          ebering_ecumenical_altar_abandoned
D:2:      layout_basic, serial_shops, nicolae_shop_waterfront,
          nicolae_shop_statue_plus, shop, uniq_jessica
D:3:      layout_loops_cross, pdpol_temple_overflow_zin_treasury_gozag_greed,
          fedhas_altar_4, chequers_serial_rivers_room_a
D:4:      layout_gridville, overflow_temple_1_default, serial_shops,
          kennysheep_mini, minmay_distorted

Skill      XL: |  1  2  3  4  5 |
---------------+----------------+-----
Stealth        | 5 6 7 |  7.0
Hexes          | 5 |  5.6
Short Blades   | 2 |  2.7
Dodging        | 3 |  3.1
Fighting       | 1 |  1.0
Spellcasting   | |  2.4

Action                   |  1- 3 |  4- 6 || total
-------------------------+-------+-------++-------
Melee: Dagger            |   219 |   137 ||   356
       Bite              |    25 |    10 ||    35
 Cast: Corona            |     8 |     3 ||    11
       Confusing Touch   |     5 |     9 ||    14
Evoke: Wand              |       |     1 ||     1
 Stab: Sleeping          |     6 |     8 ||    14
       Distracted        |     1 |       ||     1
       Confused          |     3 |     8 ||    11
Armor: Robe              |    50 |    30 ||    80
Dodge: Dodged            |   194 |    70 ||   264

Table legend: (Time is in decaauts)
 A = Elapsed time spent in this place.
 B = Non-inter-level travel time spent in this place.
 C = Inter-level travel time spent in this place.
 D = Time resting spent in this place.
 E = Time spent auto-exploring this place.
 F = Levels seen in this place.
 G = Mean time per level.
                   A        B        C        D        E       F      G
               +--------+--------+--------+--------+--------+-----+--------+
         Total |   3553 |   3381 |    172 |     89 |   2256 |   4 |  888.2 |
       Dungeon |   3553 |   3381 |    172 |     89 |   2256 |   4 |  888.2 |
               +--------+--------+--------+--------+--------+-----+--------+

Top non-repeatable levels by time:
     D:3: 1343 daAuts
     D:2: 1119 daAuts
     D:1: 803 daAuts
     D:4: 287 daAuts
